 Dungeon Crawl Stone Soup version 0.26.1-2-gb8aa6d0cf2 (webtiles) character file.

Game seed: 6524472249019503305

11 Azunone the Skirmisher (level 2, -2/29 HPs)
             Began as a Gnoll Wanderer on Mar 19, 2021.
             Slain by a gnoll
             ... wielding a +0 spear
              (5 damage)
             ... on level 1 of the Dungeon.
             The game lasted 00:01:04 (359 turns).

Azunone the Skirmisher (Gnoll Wanderer)              Turns: 359, Time: 00:01:05

Health: -2/29      AC:  2    Str: 11    XL:     2   Next: 29%
Magic:  2/2        EV: 11    Int: 13    God:
Gold:   39         SH:  0    Dex: 24    Spells: 1/1 levels left

rFire    . . .     SeeInvis .   a - +0 dagger
rCold    . . .     Faith    .   (no shield)
rNeg     . . .     Spirit   .   d - +0 robe
rPois    .         Reflect  .   (no helmet)
rElec    .         Harm     .   (no cloak)
rCorr    .         Rampage  .   (no gloves)
Will     .....                  (no boots)
Stlth    +++.......             (no amulet)
HPRegen  0.09/turn              b - +6 ring of dexterity
MPRegen  0.08/turn              (no ring)

@: no status effects
A: distributed training, fangs 1, strong nose
a: no special abilities


You were on level 1 of the Dungeon.
You visited 1 branch of the dungeon, and saw 1 of its levels.

You collected 39 gold pieces.

Inventory:

Hand Weapons
 a - a +0 dagger (weapon)
 e - a +0 hunting sling
Missiles
 g - 48 stones (quivered)
Armour
 d - a +0 robe (worn)
Jewellery
 b - a +6 ring of dexterity (left hand)
 h - a +6 ring of intelligence {unknown}
Scrolls
 f - a scroll of teleportation {unknown}
 i - a scroll of identify {unknown}
Potions
 c - a potion of curing


   Skills:
 + Level 6.4 Fighting
 + Level 0.3 Short Blades
 + Level 0.3 Long Blades
 + Level 0.3 Axes
 + Level 0.3 Maces & Flails
 + Level 0.3 Polearms
 + Level 0.3 Staves
 + Level 0.3 Slings
 + Level 0.3 Bows
 + Level 0.3 Crossbows
 + Level 0.3 Throwing
 + Level 0.3 Armour
 + Level 0.3 Dodging
 + Level 4.0 Stealth
 + Level 0.3 Shields
 + Level 0.3 Unarmed Combat
 + Level 0.3 Spellcasting
 + Level 0.2 Conjurations
 + Level 0.2 Hexes
 + Level 0.2 Summonings
 + Level 0.2 Necromancy
 + Level 0.2 Translocations
 + Level 0.2 Transmutations
 + Level 3.7 Fire Magic
 + Level 0.2 Ice Magic
 + Level 5.3 Air Magic
 + Level 0.2 Earth Magic
 + Level 0.2 Poison Magic
 + Level 0.4 Invocations
 + Level 0.3 Evocations


You had one spell level left.
You didn't know any spells.
Your spell library contained the following spells:

 Spells                   Type           Power        Failure   Level
 Shock                    Conj/Air       28%          10%         1
 Magic Dart               Conj           0%           28%         1
 Swiftness                Air            14%          4%          2
 Static Discharge         Conj/Air       7%           28%         3
 Airstrike                Air            7%           32%         4
 Stone Arrow              Conj/Erth      0%           63%         3
 Lightning Bolt           Conj/Air       3%           95%         5


Dungeon Overview and Level Annotations

Branches:
Dungeon (1/15)

Altars:


Innate Abilities, Weirdness & Mutations

Your experience applies equally to all skills.
You have very sharp teeth.
Your uncanny sense of smell can sniff out nearby items.


Message History

You are too injured to fight recklessly!
You are too injured to fight recklessly!
You are too injured to fight recklessly!
You are too injured to fight recklessly!
You are too injured to fight recklessly!
You are too injured to fight recklessly!
You hit the gnoll.
The gnoll is severely wounded.
The gnoll misses you.
You hit the gnoll.
The gnoll is almost dead.
The gnoll hits you with a +0 spear!
* * * LOW HITPOINT WARNING * * *
You hit the gnoll but do no damage.
The gnoll is almost dead.
The gnoll barely misses you.
You hit the gnoll.
The gnoll is almost dead.
The gnoll hits you with a +0 spear.
You die...

#.# #... ... #.# ##.# ..#
#.#######.. #.#.####.#........
.........†........ #
#.#.####.#..).....
####.##.#.#....#........
#.........g...####.#........
#.#.... #@######.#......##
####.#.... #........##+#####
.........# ############.#
........+ ........# #.######
#.....# ###.# #.##....
#....†########.#.####.##....
#......).....#.#.#....#.....
#..............#.#....#.....
#####.#.########.#.#.#..........


You could see a gnoll.

Vanquished Creatures
  A dart slug (D:1)
  2 giant cockroaches (D:1)
  3 goblins (D:1)
  2 bats (D:1)
  A kobold (D:1)
9 creatures vanquished.

Notes
Turn   | Place    | Note
-------+----------+-------------------------------------------
     0 | D:1      | Azunone the Gnoll Wanderer began the quest for the Orb.
     0 | D:1      | Azunone set off with the following items: a +0 dagger, a
                  | potion of curing, a +0 robe; and the following spells
                  | available to memorise: Swiftness, Shock, Magic Dart, Static
                  | Discharge, Airstrike, Stone Arrow, Lightning Bolt
     0 | D:1      | Reached XP level 1. HP: 23/23 MP: 1/1
   211 | D:1      | Reached XP level 2. HP: 29/29 MP: 2/2
   359 | D:1      | Slain by a gnoll

Illustrated notes

Levels and vault maps discovered:
D:1:      saegor_arrival_simple_a, layout_basic, solitary_fountain

Action                   || total
-------------------------++-------
Melee: Dagger            ||    30
       Bite              ||     2
 Stab: Sleeping          ||     6
Armor: Robe              ||     4
Dodge: Dodged            ||    12
